 Dungeon Crawl Stone Soup version 0.22-a0-42-g002c468 (webtiles) character file.

33 sagitran the Firebug (level 3, 0/26 HPs)
             Began as a Hill Orc Fire Elementalist on Jan 5, 2018.
             Slain by a kobold
             ... wielding a +0 whip
              (7 damage)
             ... on level 1 of the Dungeon.
             The game lasted 00:04:07 (1375 turns).

sagitran the Firebug (Hill Orc Fire Elementalist)   Turns: 1375, Time: 00:04:08

Health: 0/26       AC:  2    Str: 10    XL:     3   Next: 29%
Magic:  3/5        EV: 12    Int: 16    God:
Gold:   55         SH:  0    Dex: 11    Spells: 2/5 levels left

rFire    . . .     SeeInvis .   g - +0 mace
rCold    . . .     Gourm    .   (no shield)
rNeg     . . .     Faith    .   a - +0 robe
rPois    .         Spirit   .   (no helmet)
rElec    .         Reflect  .   (no cloak)
rCorr    .         Harm     .   (no gloves)
MR       .....                  (no boots)
Stlth    ++........             (no amulet)
HPRegen  0.08/turn              (no ring)
MPRegen  0.09/turn              (no ring)

@: very slightly contaminated
A: no striking features
a: no special abilities


You were on level 1 of the Dungeon.
You were not hungry.

You visited 1 branch of the dungeon, and saw 1 of its levels.

You collected 55 gold pieces.

Inventory:

Hand Weapons
 e - a +0 spear
 f - a cursed -2 dagger
 g - a +0 mace (weapon)
Missiles
 d - 3 tomahawks (quivered)
Armour
 a - a +0 robe (worn)
Scrolls
 i - 3 scrolls of identify {unknown}
Potions
 h - a potion of cancellation {unknown}
Books
 b - a book of Flames

   Spells                             Type                      Level
   a - Flame Tongue                   Conjuration/Fire             1
   b - Throw Flame                    Conjuration/Fire             2
   c - Conjure Flame                  Conjuration/Fire             3
   d - Inner Flame                    Hexes/Fire                   3
   e - Sticky Flame                   Conjuration/Fire             4
   f - Fireball                       Conjuration/Fire             5
Comestibles
 c - a ration
 j - 3 chunks of flesh


   Skills:
 + Level 0.1 Maces & Flails
 + Level 1.9 Dodging
 + Level 1.9 Stealth
 + Level 1.8 Spellcasting
 + Level 1.2 Conjurations
 + Level 3.9 Fire Magic


You had 2 spell levels left.
You knew the following spells:

 Your Spells              Type           Power        Failure   Level  Hunger
a - Flame Tongue          Conj/Fire      #....        8%          1    ##.....
b - Throw Flame           Conj/Fire      #.....       11%         2    ###....


Dungeon Overview and Level Annotations

Branches:
Dungeon (1/15)

Altars:


Message History

A dart slug comes into view.
The kobold closely misses you.
You see here a leopard gecko corpse.
You closely miss the kobold. The kobold misses you.
Casting: Flame Tongue
Confirm with . or Enter, or press ? or * to list all spells.
Aiming: Flame Tongue
Press: ? - help, Shift-Dir - straight line, f - kobold
Aim: a kobold, wielding a whip You miscast Flame Tongue.
You are very lightly contaminated with residual magic.
You feel uncomfortably hot. The kobold hits you with a whip.
* * * LOW HITPOINT WARNING * * *
Casting: Flame Tongue
Confirm with . or Enter, or press ? or * to list all spells.
Aiming: Flame Tongue
Press: ? - help, Shift-Dir - straight line, f/p - kobold
Aim: a kobold, wielding a whip The flame tongue misses the kobold.
The kobold hits you with a whip!
You die...

##.########
.......##.# #..
#.........#...s# .#.#
.#.. .###.
.......##...##.#.#
..... .....##w.....
...... #.# .#... .
.......... ..#..# #.#
.# # #.##......#
#..###.# ....
..........+ #..#....
####
#..K@..#######..#####
..##
#..)....>.........##.
##.##
######.#######......#
##.#
...#.....#......#
#.##
.....#..........).#
####.#
#......+............#
#..#.#
#......#............#
'..'.#
#######.............#
#..#.#
#..............


You could see a dart slug and a kobold.

Vanquished Creatures
  A gnoll (D:1)
  A leopard gecko (D:1)
  A ball python (D:1)
  4 bats (D:1)
  3 goblins (D:1)
  6 hobgoblins (D:1)
  2 kobolds (D:1)
  A rat (D:1)
19 creatures vanquished.

Notes
Turn   | Place    | Note
-------+----------+-------------------------------------------
     0 | D:1      | sagitran the Hill Orc Fire Elementalist began the quest for the Orb.
     0 | D:1      | Reached XP level 1. HP: 14/14 MP: 3/3
   569 | D:1      | Reached XP level 2. HP: 14/20 MP: 4/4
   577 | D:1      | Learned a level 2 spell: Throw Flame
   984 | D:1      | Reached XP level 3. HP: 8/26 MP: 1/5
  1375 | D:1      | Slain by a kobold

Vault maps used:
D:1:      dpeg_arrival_yet_another_circle, minmay_domino_2

Action                   || total
-------------------------++-------
Melee: Club              ||    20
       Unarmed           ||    11
       Mace              ||    24
 Cast: Flame Tongue      ||    16
       Throw Flame       ||     3
 Stab: Sleeping          ||     1
  Eat: Ration            ||     1
Armor: Robe              ||    22
Dodge: Dodged            ||    60

Table legend:
 A = Spawn XP
 B = Non-spawn XP
 C = Spawn XP percentage of total XP
 D = Spawn monster count
 E = Non-spawn monster count
 F = Spawn count percentage of total count
 G = Total turns spent on level
                    A         B        C        D         E        F      G
               +---------+---------+-------+---------+---------+-------+---------
         Total |       0 |      48 |   0.0 |       0 |      19 |   0.0 |  1375
               +---------+---------+-------+---------+---------+-------+---------
           D:1 |       0 |      48 |   0.0 |       0 |      19 |   0.0 |  1375
               +---------+---------+-------+---------+---------+-------+---------
